 Dungeon Crawl Stone Soup version 0.27.1-2-g3b301248ec (webtiles) character file.

Game seed: 4353163281954448129

6095 BobTheBalder the Destroyer (level 10, -6/56 HPs)
             Began as an Octopode Conjurer on Sept 29, 2021.
             Was a High Priest of Elyvilon.
             Mangled by a boulder beetle (56 damage)
             ... on level 7 of the Dungeon.
             The game lasted 00:28:57 (10677 turns).

BobTheBalder the Destroyer (Octopode Conjurer)     Turns: 10677, Time: 00:28:58

Health: -6/56      AC:  5    Str:  6    XL:     10   Next: 88%
Magic:  17/22      EV: 17    Int: 23    God:    Elyvilon [*****.]
Gold:   441        SH:  0    Dex: 18    Spells: 19/26 levels left

rFire    + . .     SeeInvis .   l - +2 dagger (venom)
rCold    . . .     Faith    .   (no shield)
rNeg     . . .     Spirit   .   (helmet restricted)
rPois    +         Reflect  .   v - amulet of magic regeneration
rElec    .         Harm     .   f - +6 ring of dexterity
rCorr    .         Rampage  .   r - +4 ring of protection
Will     .....                  s - ring of protection from fire
Stlth    +++++.....             B - ring of poison resistance
HPRegen  0.18/turn              (no ring)
MPRegen  0.43/turn              (no ring)
                                (no ring)
                                (no ring)

@: no status effects
A: almost no armour, amphibious, 8 rings, camouflage 1, gelatinous body 1,
(nimble swimmer 1), tentacles
a: Renounce Religion, Lesser Healing, Heal Other, Purification, Greater Healing,
Divine Vigour, Divine Protection


You were on level 7 of the Dungeon.
You worshipped Elyvilon.
Elyvilon was extremely pleased with you.
You visited 2 branches of the dungeon, and saw 9 of its levels.

You collected 441 gold pieces.

Inventory:

Hand Weapons
 a - a +0 dagger
 l - a +2 dagger of venom (weapon)
Missiles
 k - a throwing net
Jewellery
 f - a +6 ring of dexterity (left tentacle)
 r - a +4 ring of protection (right tentacle)
 s - a ring of protection from fire (on tentacle)
 v - an amulet of magic regeneration (around mantle)
 B - a ring of poison resistance (on tentacle)
Wands
 h - a wand of paralysis (5)
 m - a wand of charming (2)
 p - a wand of iceblast (3)
 y - a wand of digging (3)
 A - a wand of polymorph (9)
Scrolls
 n - 2 scrolls of brand weapon
 o - 3 scrolls of teleportation
 u - a scroll of identify
 w - a scroll of enchant weapon
 C - a scroll of torment {unknown}
Potions
 b - 2 potions of haste
 c - a potion of berserk rage
 d - a potion of brilliance {unknown}
 e - a potion of lignification {unknown}
 g - 3 potions of curing
 i - a potion of flight
 j - a potion of magic {unknown}
 q - 2 potions of resistance
 t - a potion of heal wounds
 x - a potion of invisibility {unknown}
 z - a potion of might {unknown}


   Skills:
 + Level 6.8 Dodging
 + Level 9.6 Stealth
 * Level 8.9 Spellcasting
 * Level 10.1 Conjurations


You had 19 spell levels left.
You knew the following spells:

 Your Spells              Type           Power      Damage    Failure   Level
a - Magic Dart            Conj           100%       1d8       1%          1
b - Searing Ray           Conj           100%       3d7       1%          2
c - Fulminant Prism       Conj/Hex       16%        3d11      8%          4

Your spell library contained the following spells:

 Spells                   Type           Power      Damage    Failure   Level
 Foxfire                  Conj/Fire      100%       2x1d9     1%          1
 Conjure Flame            Conj/Fire      33%        6-21      2%          3
 Dazzling Flash           Conj/Hex       66%        N/A       2%          3
 Iskenderun's Mystic Bla  Conj/Tloc      33%        2d8       8%          4
 Inner Flame              Hex/Fire       10%        N/A       19%         3
 Summon Lightning Spire   Summ/Air       10%        N/A       54%         4
 Storm Form               Tmut/Air       5%         N/A       100%        7
 Maxwell's Capacitive Co  Air            5%         ∞         100%        8


Dungeon Overview and Level Annotations

Branches:
Dungeon (8/15)             Temple (1/1) D:7
   Lair: D:8-11

Altars:
Ashenzari
Cheibriados
Dithmenos
Elyvilon
Fedhas
Gozag
Kikubaaqudgha
Makhleb
Nemelex Xobeh
Qazlal
Sif Muna
Trog
Uskayaw
Vehumet
Wu Jian
Xom
Yredelemnul
Zin
The Shining One
Beogh

Shops:
D:5 [

Annotations:
D:2 1 runed translucent door, Crazy Yiuf
D:6 3 runed translucent doors, appiemonkey's ghost, novice MfMo
D:7 exclusion: downstairs


Innate Abilities, Weirdness & Mutations

You cannot wear most types of armour.
You are amphibious.
You can wear up to eight rings at the same time.
Your skin changes colour to match your surroundings (Stealth+).
Your rubbery body absorbs attacks. (AC +1, EV +1)
((You are camouflaged near water. (Stealth+)))
You have tentacles for arms and can constrict up to eight enemies at once.


Message History

Things that are here:
a +0 robe; a +1 battleaxe
There is a stone staircase leading up here.
You climb upwards.
Level annotation: exclusion: downstairs
There is a stone staircase leading down here.
You start resting.
Magic restored.
You start resting.
HP restored.
You climb downwards.
There is a stone staircase leading up here.
Casting: Fulminant Prism (dangerous; 8% risk of failure)
Confirm with . or Enter, or press ? or * to list all spells.
Aiming: Searing Ray (safe; 1% risk of failure)
Press: ? - help, Shift-Dir - straight line, f - hornet
Aim: a hornet (wandering, hasn't noticed you, 74% to hit)
The searing ray hits the hornet!
The hornet is moderately wounded.
The hornet buzzes angrily. (Press . to maintain the ray.)
The searing ray hits the hornet!
The hornet is heavily wounded.
The hornet barely misses you.
The searing ray hits the hornet!
The hornet is severely wounded.
The hornet stings you!
You climb upwards.
Level annotation: exclusion: downstairs
There is a stone staircase leading down here.
The boulder beetle curls into a ball and begins rolling!
Casting: Searing Ray (safe; 1% risk of failure)
Confirm with . or Enter, or press ? or * to list all spells.
Aiming: Fulminant Prism (dangerous; 8% risk of failure)
Press: ? - help, Dir - move target You conjure a prism of explosive energy!
A fulminant prism comes into view.
The boulder beetle hits you!!!
Ouch! That really hurt!
You die...

###......#.)...# ##### #.#.####
...............# #...# #.#.#...
.##.####.#.....# #.#.# #.#.#.##
.##..(....#...## #.#.# #.#.#.#
.#####.....#.#####.#.# #.#.#.##
## ##...##.........# #.......
##.#########...# #####.## #.#
####...## #.# #.# #*@.....# #.#
##'## #B###.#.# #.## ##...## #○#
#.#.# #... ##.....## #°###.#.##
#..# # ##.......###.##(....# ##..
####.........##.#...#).########..
...'.........'...................
####.........##.#......####......
# ##.......###.......## #.####.


You could see a boulder beetle (rolling, ally target) and a friendly fulminant
prism.

Vanquished Creatures
  3 two-headed ogres
  A kobold demonologist (D:7)
  Sigmund (D:5)
  3 yaks
  A wraith (D:8)
  2 steam dragons (D:8)
  Edmund (D:6)
  A water moccasin (D:5)
  An acid dragon (D:8)
  An ice beast (D:5)
  A necrophage (D:6)
  An orc warrior (D:6)
  A sky beast (D:8)
  3 ogres
  A black bear (D:6)
  A centaur (D:8)
  A phantom (D:5)
  2 kobold brigands (D:8)
  4 bullfrogs
  The ghost of Skiberibeda the Vexing, an amateur SpAM (D:3)
  A scorpion (D:6)
  A wyvern zombie (D:7)
  5 wights (D:8)
  A howler monkey (D:7)
  4 quasits (D:3)
  A bullfrog zombie (D:5)
  4 jellies
  3 centaur zombies
  An orc priest (D:8)
  2 bullfrog skeletons
  A centaur skeleton (D:6)
  3 orc wizards
  A killer bee zombie (D:7)
  A hound zombie (D:5)
  A hound skeleton (D:5)
  A howler monkey zombie (D:6)
  Robin (D:4)
  8 adders
  10 gnolls
  A white imp (D:8)
  An ufetubus (D:5)
  An adder zombie (D:5)
  2 adder skeletons
  A worm (D:2)
  A dart slug (D:4)
  20 orcs
  5 ball pythons
  4 bats
  4 endoplasms (D:2)
  A giant cockroach (D:2)
  19 goblins
  10 hobgoblins
  8 jackals
  4 quokkas
  7 frilled lizards
  17 kobolds
  8 rats
195 creatures vanquished.

Vanquished Creatures (others)
  24 fulminant prisms
24 creatures vanquished.

Grand Total: 219 creatures vanquished

Notes
Turn   | Place    | Note
-------+----------+-------------------------------------------
     0 | D:1      | BobTheBalder the Octopode Conjurer began the quest for the
                  | Orb.
     0 | D:1      | Reached XP level 1. HP: 11/11 MP: 3/3
   346 | D:1      | Reached XP level 2. HP: 17/17 MP: 0/5
   447 | D:1      | Noticed an eye of devastation
   449 | D:1      | Found a faded altar of an unknown god.
   450 | D:1      | Noticed a golden eye
   450 | D:1      | Noticed a great orb of eyes
   450 | D:1      | Noticed a shining eye
   460 | D:1      | Became a worshipper of Elyvilon the Healer
   460 | D:1      | Reached * piety under Elyvilon
  1323 | D:2      | Learned a level 2 spell: Searing Ray
  1327 | D:2      | Reached XP level 3. HP: 21/21 MP: 3/6
  1859 | D:2      | Reached XP level 4. HP: 27/27 MP: 3/8
  2067 | D:2      | Reached ** piety under Elyvilon
  2385 | D:2      | Found a runed translucent door.
  2386 | D:2      | Noticed Crazy Yiuf
  2804 | D:3      | Reached XP level 5. HP: 31/31 MP: 2/9
  3166 | D:3      | Found a transporter.
  3172 | D:3      | Noticed Skiberibeda's ghost (amateur SpAM)
  3441 | D:3      | Killed Skiberibeda's ghost
  3442 | D:3      | Reached skill level 5 in Conjurations
  3442 | D:3      | Reached XP level 6. HP: 23/36 MP: 9/11
  3442 | D:3      | Found a transporter.
  3841 | D:4      | Reached *** piety under Elyvilon
  3902 | D:4      | Found a glowing silver altar of Zin.
  4505 | D:4      | Reached XP level 7. HP: 41/41 MP: 5/13
  4777 | D:4      | Noticed Robin
  4804 | D:4      | Killed Robin
  4979 | D:5      | Entered Level 5 of the Dungeon
  5003 | D:5      | Reached skill level 5 in Stealth
  5212 | D:5      | Noticed Sigmund
  5218 | D:5      | Killed Sigmund
  5218 | D:5      | Noticed a yak
  5219 | D:5      | Reached skill level 6 in Conjurations
  5285 | D:5      | Killed a yak
  5286 | D:5      | Reached skill level 5 in Spellcasting
  5286 | D:5      | Reached XP level 8. HP: 18/46 MP: 6/15
  5471 | D:5      | Found a shimmering altar of Xom.
  5506 | D:5      | Found a broken altar of Ashenzari.
  5636 | D:5      | Reached **** piety under Elyvilon
  5841 | D:5      | Found Feckuanoi's Antique Armour Emporium.
  5993 | D:5      | Learned a level 4 spell: Fulminant Prism
  6457 | D:6      | Reached skill level 7 in Conjurations
  6574 | D:6      | Noticed a two-headed ogre
  6583 | D:6      | Killed a two-headed ogre
  6584 | D:6      | Reached skill level 5 in Dodging
  6584 | D:6      | Reached XP level 9. HP: 51/51 MP: 8/18
  6782 | D:5      | Reached skill level 8 in Conjurations
  7029 | D:6      | Noticed Edmund
  7067 | D:6      | Killed Edmund
  7248 | D:6      | Found a runed translucent gate.
  7253 | D:6      | Found a runed translucent gate.
  7253 | D:6      | Noticed appiemonkey's ghost (novice MfMo)
  7254 | D:6      | Found a runed translucent gate.
  7254 | D:6      | Identified the +5 chain mail "Povizad" {rC- Str+4 Dex+2}
  7741 | D:7      | Found a staircase to the Ecumenical Temple.
  7744 | D:7      | Noticed a kobold demonologist
  7750 | D:7      | Killed a kobold demonologist
  8090 | D:7      | Reached ***** piety under Elyvilon
  8627 | D:8      | Noticed a two-headed ogre
  8638 | D:8      | Reached skill level 9 in Conjurations
  8638 | D:8      | Reached XP level 10. HP: 46/56 MP: 12/21
  8640 | D:8      | Noticed a two-headed ogre
  8991 | D:8      | Killed a two-headed ogre
  9184 | Temple   | Entered the Ecumenical Temple
  9394 | D:8      | Killed a two-headed ogre
  9723 | D:8      | Noticed a boulder beetle
 10054 | D:8      | Reached skill level 10 in Conjurations
 10677 | D:7      | Mangled by a boulder beetle

Illustrated notes

Levels and vault maps discovered:
D:1:      lightli_arrival_farm, layout_loops_ring,
          hellmonk_ecumenical_altar_watching_god, minivault_5, bh_walls_and_bars
D:2:      minmay_skewed_foursquare, layout_basic, uniq_crazy_yiuf_cottage
D:3:      minmay_goblin_kobold_castle, layout_basic, gammafunk_ghost_stat_death
D:4:      layout_basic, mainiacjoe_overflow_small_starburst, uniq_robin
D:5:      kennysheep_big_flooded_room, layout_cave_pods, amcnicky_altar_gilded,
          ashenzari_conservatory_becter, serial_shops, shop,
          minmay_misc_feat_secret_circle, uniq_sigmund
D:6:      wander_river, layout_basic, biasface_ghost_orc_armoury, uniq_edmund
D:7:      layout_loops_corners, minmay_temple_entry_tees, dk_rats_in_the_wall
D:8:      minmay_imperfect_grid, layout_basic
Temple:   eino_temple_scatter_basement

Skill      XL: |  1  2  3  4  5  6  7  8  9 10 |
---------------+-------------------------------+-----
Stealth        | 3 4 5 7 8 9 |  9.6
Spellcasting   | 3 4 5 6 7 8 |  8.9
Dodging        | 3 4 5 6 |  6.8
Conjurations   | 5 6 7 9 10 | 10.1

Action                   |  1- 3 |  4- 6 |  7- 9 | 10-12 || total
-------------------------+-------+-------+-------+-------++-------
Melee: Dagger            |    15 |     1 |     8 |     1 ||    25
       Constrict         |     3 |     1 |     2 |       ||     6
       Tentacles         |     3 |       |     1 |       ||     4
 Cast: Magic Dart        |    67 |   107 |    94 |    31 ||   299
       Searing Ray       |     3 |     5 |    40 |    28 ||    76
       Fulminant Prism   |       |       |     6 |    19 ||    25
Invok: Heal Other        |       |       |     2 |       ||     2
Evoke: Wand              |       |       |     8 |       ||     8
  Use: Scroll            |     1 |     2 |     9 |     1 ||    13
       Potion            |       |       |       |     6 ||     6
Armor: Skin              |     1 |     2 |     5 |     8 ||    16
Dodge: Dodged            |     8 |    19 |    41 |    36 ||   104
